 Dungeon Crawl Stone Soup version 0.26-a0-712-ga5a9c9c9d0 (webtiles) character file.

Game seed: 1552552451155841380

3062 Apogee the Thaumaturge (level 9, -9/74 HPs)
             Began as a Purple Draconian Transmuter on Nov 10, 2020.
             Was a Believer of Makhleb.
             Mangled by a large abomination (16 damage)
             ... on level 2 of the Abyss.
             The game lasted 00:26:58 (9657 turns).

Apogee the Thaumaturge (DrTm)                       Turns: 9657, Time: 00:26:58

Health: -9/74      AC:  8    Str: 12    XL:     9   Next: 57%
Magic:  21/21      EV: 12    Int: 14    God:    Makhleb [**....]
Gold:   409        SH:  0    Dex: 15    Spells: 23/24 levels left

rFire    + . .     SeeInvis .     - Unarmed
rCold    . . .     Faith    .   (no shield)
rNeg     . . .     Spirit   .   (armour unavailable)
rPois    .         Reflect  .   (helmet currently unavailable)
rElec    .         Harm     .   u - +0 cloak
rCorr    .         Rampage  .   (no gloves)
MR       +....                  (boots currently unavailable)
Stlth    +.........             (no amulet)
HPRegen  0.00/turn              i - ring of protection from fire
MPRegen  0.17/turn              (no ring)

@: mighty, appendages
A: breathe power, unfitting armour, horns 2, talons 2, [inhibited regeneration],
cold-blooded, AC +7
a: Breathe Dispelling Energy, End Transformation, Minor Destruction, Renounce
Religion


You were on level 2 of the Abyss.
You worshipped Makhleb.
Makhleb was pleased with you.
You had grown temporary horns.
You had grown temporary talons.
You visited 2 branches of the dungeon, and saw 8 of its levels.
You visited the Abyss 1 time.

You collected 409 gold pieces.

Inventory:

Missiles
 e - 367 stones (quivered)
 x - a throwing net {!f}
Armour
 u - a +0 cloak (worn)
   (You found it on level 5 of the Dungeon)
Jewellery
 i - a ring of protection from fire (left hand)
   (You found it on level 2 of the Dungeon)
Wands
 d - a wand of iceblast (10)
   (You found it on level 5 of the Dungeon)
 t - a wand of flame (38)
   (You found it on level 3 of the Dungeon)
Scrolls
 a - a scroll of summoning {unknown}
 b - a scroll of fog
 c - 2 scrolls of remove curse {unknown}
 k - a scroll of amnesia {unknown}
 q - a scroll of magic mapping {unknown}
 s - 2 scrolls of fear {unknown}
 v - 3 scrolls of noise {!r}
 y - 2 scrolls of identify {@r1}
 A - a scroll of enchant weapon {unknown}
Potions
 g - a potion of resistance {unknown}
 h - a potion of lignification {unknown}
 m - 4 potions of curing {@q1}
 n - 2 potions of magic
 o - a potion of berserk rage
 p - 2 potions of flight
 r - a potion of degeneration {unknown}
 w - a potion of haste {unknown}
 z - a potion of brilliance {unknown}


   Skills:
 - Level 5.0 Fighting
 - Level 1.7 Dodging
 - Level 8.0 Unarmed Combat
 + Level 8.3 Spellcasting
 + Level 7.5 Transmutations


You had 23 spell levels left.
You knew the following spells:

 Your Spells              Type           Power        Failure   Level
a - Beastly Appendage     Tmut           ####..       1%          1

Your spell library contained the following spells:

 Spells                   Type           Power        Failure   Level
 Wereblood                Tmut           ####....     1%          2
 Spider Form              Tmut/Pois      ###.......   8%          3
 Animate Skeleton         Necr           #.....       12%         1
 Apportation              Tloc           #.....       12%         1
 Corona                   Hex            #......      12%         1
 Summon Small Mammal      Summ           #...         12%         1
 Blade Hands              Tmut           ####......   16%         5
 Ice Form                 Ice/Tmut       ###.....     26%         4


Dungeon Overview and Level Annotations

Branches:
Dungeon (7/15)             Temple (1/1) D:5

Altars:
Ashenzari
Cheibriados
Elyvilon
Fedhas
Gozag
Hepliaklqana
Kikubaaqudgha
Makhleb
Nemelex Xobeh
Okawaru
Qazlal
Ru
Sif Muna
Trog
Uskayaw
Vehumet
Wu Jian
Xom
Yredelemnul

Annotations:
D:3 3 runed translucent doors, Queen's ghost, amateur NaEn
D:7 Maggie


Innate Abilities, Weirdness & Mutations

You can breathe bolts of dispelling energy.
Your rich purple scales are hard. (AC +7)
You cannot fit into any form of body armour.
You are cold-blooded and may be slowed by cold attacks.
You have a pair of horns on your head.
You have razor-sharp toenails.
[You do not regenerate when monsters are visible.]


Message History

You punch the glowing orange brain! You punch the glowing orange brain!
You headbutt the glowing orange brain.
You hit the glowing orange brain but do no damage.
You claw the glowing orange brain. You headbutt the glowing orange brain!
You tail-slap the glowing orange brain. You hit the glowing orange brain.
You claw the glowing orange brain. You headbutt the glowing orange brain.
You kill the glowing orange brain!
Makhleb accepts your kill.
Your Spellcasting skill increases to level 8!
Your Transmutations skill increases to level 7!
Unknown command.
A hell hound comes into view.
Found a wand of iceblast (9).
The hell hound barks!
Unknown command.
The hell hound breathes flames at you. The blast of flame hits you! You resist.
* * * LOW HITPOINT WARNING * * *
You hear a roar!
A smoke demon comes into view.
The hell hound closely misses you.
Unknown command.
The hell hound bites you!
* * * LOW HITPOINT WARNING * * *
You feel very mighty all of a sudden. The hell hound bites you.
* * * LOW HITPOINT WARNING * * *
The hell hound pauses to sniff the ground.
The hell hound bites you.
* * * LOW HITPOINT WARNING * * *
You punch the hell hound! Your kick misses the hell hound.
You headbutt the hell hound! The hell hound misses you.
You punch the hell hound! You claw the hell hound.
You kill the hell hound!
Makhleb accepts your kill.
You feel better.
You hit the large abomination. You claw the large abomination.
You headbutt the large abomination.
You tail-slap the large abomination, but do no damage.
The large abomination barely misses you.
You closely miss the large abomination. You punch the large abomination!
You headbutt the large abomination, but do no damage.
The large abomination hits you!!
* * * LOW HITPOINT WARNING * * *
You barely miss the large abomination.
You claw the large abomination, but do no damage.
The large abomination hits you!
You die...

## . #..## ..#. ...
.# ##..#.#. .#. #
#.. ..##..##....#.
. #.# ##.#.#...#...
.. #. .##.....##.
#... .X #.. .#..
... # #.# #.###.X.
.... ..#### #
#...X## .#. ...#
##..#@#.#..#..#.# #
........#......#.##
.....##..#3....# ##
# .....
..#.....#../# ..#.
..#.....#..## . .
##...#.....## ..
.####.. .#. .. .#


You could see a large abomination.

Vanquished Creatures
  A glowing orange brain (Abyss:2)
  Eustachio (D:4)
  A hell hound (Abyss:2)
  A sky beast (D:5)
  An orc warrior (D:6)
  A necrophage (D:7)
  A centaur (D:5)
  An ice beast (D:7)
  3 ogres
  3 bullfrogs
  A water moccasin zombie (D:5)
  A water moccasin skeleton (D:4)
  2 scorpions
  5 wights (D:7)
  A howler monkey (D:4)
  3 hounds
  A centaur skeleton (D:7)
  8 orc priests
  An iron imp (Abyss:1)
  2 iguanas (D:5)
  3 orc wizards (D:6)
  Natasha (thrice) (D:2)
  3 worker ants
  7 gnolls
  8 adders
  2 shadow imps (D:5)
  A white imp (D:7)
  3 ufetubi
  3 adder zombies
  An adder skeleton (D:6)
  2 worms
  2 dart slugs (D:2)
  6 leopard geckos
  29 orcs
  2 ball pythons
  6 bats
  3 giant cockroaches
  10 goblins
  6 hobgoblins
  12 kobolds
  10 frilled lizards
  A leopard gecko skeleton (D:6)
  8 rats
170 creatures vanquished.

Vanquished Creatures (others)
  8 plants (D:1)
8 creatures vanquished.

Grand Total: 178 creatures vanquished

Notes
Turn   | Place    | Note
-------+----------+-------------------------------------------
     0 | D:1      | Apogee the Draconian Transmuter began the quest for the
                  | Orb.
     0 | D:1      | Reached XP level 1. HP: 16/16 MP: 3/3
   190 | D:1      | Reached XP level 2. HP: 23/23 MP: 3/5
  1022 | D:2      | Noticed Natasha
  1162 | D:2      | Reached XP level 3. HP: 25/29 MP: 6/6
  1578 | D:2      | Killed Natasha
  1578 | D:2      | Reached XP level 4. HP: 25/36 MP: 5/7
  1629 | D:2      | Noticed Natasha
  1687 | D:2      | Killed Natasha
  1914 | D:2      | Reached XP level 5. HP: 42/42 MP: 7/9
  2044 | D:2      | Noticed Natasha
  2143 | D:2      | Killed Natasha
  2279 | D:3      | Found a runed translucent gate.
  2279 | D:3      | Found a runed translucent gate.
  2321 | D:3      | Found a runed translucent gate.
  2321 | D:3      | Found an opulent altar of Gozag.
  2402 | D:3      | Noticed Queen's ghost (amateur NaEn)
  2403 | D:3      | Noticed an orc warrior
  2781 | D:3      | Found a stormy altar of Qazlal.
  2954 | D:4      | Noticed Eustachio
  3125 | D:4      | Reached XP level 6. HP: 29/51 MP: 8/10
  3350 | D:4      | Reached skill level 5 in Unarmed Combat
  3849 | D:4      | Killed Eustachio
  3849 | D:4      | Your scales start taking on a rich purple colour.
  3849 | D:4      | Reached XP level 7. HP: 52/58 MP: 13/13
  4242 | D:5      | Entered Level 5 of the Dungeon
  4442 | D:5      | Reached skill level 5 in Spellcasting
  4627 | D:5      | Found a staircase to the Ecumenical Temple.
  4745 | Temple   | Entered the Ecumenical Temple
  5021 | Temple   | Became a worshipper of Makhleb the Destroyer
  5446 | D:5      | Reached XP level 8. HP: 60/67 MP: 13/15
  6459 | D:6      | Reached * piety under Makhleb
  6621 | D:6      | Reached skill level 5 in Transmutations
  6625 | D:6      | Reached skill level 5 in Fighting
  6871 | D:6      | Found a stormy altar of Qazlal.
  7212 | D:6      | HP: 1/68 [orc warrior/stone (14)]
  8308 | D:7      | Reached XP level 9. HP: 65/73 MP: 16/18
  8828 | D:7      | Reached ** piety under Makhleb
  9075 | D:7      | Noticed Maggie
  9095 | D:7      | Paralysed by Maggie for 6 turns
  9113 | D:7      | Paralysed by Maggie for 5 turns
  9120 | D:7      | Cast into level 1 of the Abyss (Maggie)
  9162 | Abyss:1  | Noticed an ophan
  9302 | Abyss:1  | Noticed a wretched star
  9464 | Abyss:1  | HP: 2/74 [small abomination (18)]
  9467 | Abyss:2  | Found a corrupted altar of Lugonu.
  9467 | Abyss:2  | Found a corrupted altar of Lugonu.
  9632 | Abyss:2  | Noticed a glowing orange brain
  9641 | Abyss:2  | Killed a glowing orange brain
  9646 | Abyss:2  | Noticed a smoke demon
  9657 | Abyss:2  | Mangled by a large abomination

Illustrated notes

Levels and vault maps discovered:
D:1:      lightli_arrival_statuegarden, layout_loops_ring,
          lexackson_kobold_supper
D:2:      layout_rooms, uniq_natasha
D:3:      layout_loops_cross, lemuel_doored_altar, ebering_ghost_gozag,
          minivault_24
D:4:      layout_basic, uniq_eustachio
D:5:      corexii_shack_village, layout_basic, minmay_temple_entry_hall,
          minmay_misc_feat_rows, minmay_misc_feat_tiny, palyth_stone_intersect
D:6:      layout_loops_ring, nicolae_qazlal_eye_of_the_storm
D:7:      layout_loops_cross, gammafunk_ghost_smash, uniq_maggie
Temple:   dpeg_five_rooms_temple
Abyss:2:  base: Temple, minivault_27

Skill      XL: |  1  2  3  4  5  6  7  8  9 |
---------------+----------------------------+-----
Fighting       | 2 3 4 5 |  5.0
Unarmed Combat | 4 5 6 8 |  8.0
Transmutations | 3 4 5 7 |  7.5
Spellcasting   | 3 4 5 6 8 |  8.3
Dodging        | |  1.7

Action                   |  1- 3 |  4- 6 |  7- 9 || total
-------------------------+-------+-------+-------++-------
Melee: Unarmed           |   107 |   149 |   365 ||   621
       Tailslap          |    13 |    15 |    46 ||    74
       Kick              |    10 |    27 |    82 ||   119
       Headbutt          |     6 |    22 |    65 ||    93
       Punch             |       |     3 |    13 ||    16
Throw: Stone             |       |     3 |     4 ||     7
 Cast: Beastly Appendage |    12 |    19 |    37 ||    68
 Abil: Breathe Dispellin |       |       |     4 ||     4
Evoke: Wand              |       |     8 |       ||     8
  Use: Scroll            |       |       |    14 ||    14
       Potion            |       |       |     4 ||     4
 Stab: Sleeping          |     1 |     1 |     5 ||     7
Armor: Skin              |    29 |    51 |    77 ||   157
Dodge: Dodged            |    61 |   127 |   188 ||   376

Table legend: (Time is in decaauts)
 A = Elapsed time spent in this place.
 B = Non-inter-level travel time spent in this place.
 C = Inter-level travel time spent in this place.
 D = Time resting spent in this place.
 E = Time spent auto-exploring this place.
 F = Levels seen in this place.
 G = Mean time per level.
                   A        B        C        D        E       F      G
               +--------+--------+--------+--------+--------+-----+--------+
         Total |   9633 |   9085 |    548 |   1534 |   5826 |  10 |  963.3 |
       Dungeon |   8772 |   8383 |    389 |   1191 |   5671 |   7 | 1253.1 |
        Temple |    327 |    168 |    159 |      0 |    155 |   1 |  327.0 |
         Abyss |    533 |    533 |      0 |    343 |      0 |   2 |  266.5 |
               +--------+--------+--------+--------+--------+-----+--------+

Top non-repeatable levels by time:
     D:5: 2043 daAuts
     D:6: 1373 daAuts
     D:1: 1200 daAuts
     D:4: 1157 daAuts
     D:7: 1096 daAuts
     D:2: 1073 daAuts
     D:3: 828 daAuts
 Abyss:1: 343 daAuts
  Temple: 327 daAuts
 Abyss:2: 190 daAuts
